Map: Ulrena

Players

CøRe

  • Race: Terran Terran
  • League: Silver

lesha - Winner!

  • Race: Terran Terran
  • League: Silver

VOD

Have the link to the VOD?

Description

Time

  • Played on: Dec. 21, 2015, 10:54 a.m.
  • Length: 7:09
Show
View Real Time Build Order
Export as new Build Order

CøRe Terran 

Build Orders:  

Get SALT Encoding   

  12  0:01  SCV  
  13  0:13  SCV  
  14  0:20  Supply Depot  
  14  0:25  SCV  
  15  0:41  SCV  
  16  0:43  Barracks  
  16  0:53  SCV  
  17  0:59  Refinery  
  17  1:07  SCV  
  18  1:19  SCV  
  20  1:33  Orbital Command  
  19  1:41  Marine  
  19  1:42  Command Center  
  20  1:59  Marine  
  21  2:02  SCV  
  22  2:10  Factory  
  22  2:17  Marine  
  23  2:24  Supply Depot  
  23  2:26  SCV  
  24  2:38  SCV  
  24  2:39  Marine  
  26  2:46  Supply Depot  
  26  2:50  SCV  
  27  2:54  Orbital Command  
  27  2:59  Factory Tech Lab  
  27  3:03  SCV, Starport  
  28  3:05  Marine  
  29  3:23  Refinery  
  29  3:26  Refinery  
  29  3:27  SCV x2  
  29  3:31  Marine  
  32  3:39  SCV, Medivac  
  35  3:43  Widow Mine  
  37  3:50  Barracks Tech Lab  
  37  3:55  Supply Depot, SCV x2  
  39  4:07  SCV x2  
  41  4:15  Engineering Bay  
  41  4:19  SCV  
  41  4:20  Siege Tank  
  41  4:22  Starport Reactor  
  45  4:29  SCV  
  46  4:31  SCV  
  46  4:33  Stimpack  
  47  4:41  SCV  
  47  4:43  SCV  
  47  5:01  Medivac  
  49  5:10  SCV x2  
  49  5:11  Refinery  
  51  5:22  SCV  
  51  5:23  Command Center, Barracks  
  51  5:26  Barracks  
  51  5:27  Barracks  
  52  5:29  Supply Depot  
  52  5:30  Supply Depot  
  52  5:36  Engineering Bay  
  52  5:41  SCV x2  
  52  5:42  Armory  
  54  5:43  Siege Tank  
  57  5:53  SCV  
  57  5:54  SCV  
  59  6:15  Siege Tank  
  59  6:17  Barracks Reactor  
  59  6:18  Barracks Reactor x2  
  62  6:27  Missile Turret  
  62  6:30  Missile Turret  
  62  6:31  Missile Turret  
Show
View Real Time Build Order
Export as new Build Order

lesha Terran - Winner!

Build Orders: Reaper Expand, MMM Bio 

Get SALT Encoding   

  12  0:01  SCV  
  13  0:13  SCV  
  14  0:18  Supply Depot  
  15  0:35  SCV  
  15  0:43  Barracks  
  15  0:47  SCV  
  16  0:52  Refinery  
  16  0:59  SCV  
  17  1:12  SCV  
  18  1:24  SCV  
  19  1:36  Command Center  
  19  1:38  Reaper  
  20  1:45  Orbital Command  
  20  1:51  Refinery  
  20  2:11  Marine  
  21  2:15  SCV  
  22  2:27  SCV, Factory  
  23  2:30  Barracks  
  22  2:39  Marine  
  23  2:50  SCV  
  25  2:52  Orbital Command  
  25  2:57  Marine  
  25  3:02  SCV  
  26  3:13  Supply Depot  
  26  3:14  SCV  
  26  3:15  Starport  
  27  3:25  Barracks Reactor  
  27  3:26  SCV  
  28  3:27  Barracks Tech Lab  
  28  3:32  SCV  
  28  3:33  Barracks Tech Lab  
  29  3:37  Factory Tech Lab  
  29  3:38  SCV  
  30  3:44  SCV  
  31  3:50  Marine  
  31  3:51  SCV  
  31  3:53  Stimpack  
  31  3:54  Starport Reactor  
  31  3:55  Marine  
  33  3:56  SCV  
  33  4:01  Combat Shields  
  35  4:03  SCV  
  35  4:08  SCV, Marine  
  38  4:13  Marine  
  38  4:15  SCV  
  40  4:21  SCV, Supply Depot  
  41  4:25  Marine  
  41  4:26  Barracks  
  41  4:27  SCV, Supply Depot  
  41  4:31  Marine  
  43  4:32  Barracks  
  43  4:33  SCV  
  45  4:41  Medivac  
  45  4:43  Marine, Medivac  
  44  5:02  SCV x2  
  44  5:04  Marine x2  
  48  5:11  Medivac  
  48  5:14  SCV  
  51  5:17  SCV  
  51  5:20  Supply Depot  
  52  5:22  Supply Depot  
  54  5:29  Refinery  
  54  5:30  Refinery  
  52  5:39  Marine x2  
  52  5:40  Marine x2  
  56  5:43  SCV x2  
  58  5:55  SCV x2  
  57  5:57  Marine x3  
  57  6:16  SCV x2  
  59  6:22  Marine x4  
  59  6:24  Medivac  
  59  6:25  Medivac  
  67  6:28  SCV x2  
  69  6:39  Marine  
  68  6:40  SCV, Marine x3  
Tags
 
Composition
MMM Bio
Matchup
TvT
Race
Terran
Add a new tag
Caveats
  • Supply blocks, unpowered buildings, or Contaminate may cause inaccurate times.
  • Supply counts are checked every 10 seconds.